 Dungeon Crawl Stone Soup version 0.31.0-11-ge490571c62 (webtiles) character file.

Game seed: 17751272106366886010

108 DemonSlayer the Digger (level 4, 0/30 HPs)
             Began as a Demonspawn Earth Elementalist on Jan 26, 2024.
             Slain by Grinder (5 damage)
             ... on level 3 of the Dungeon.
             The game lasted 00:03:57 (2220 turns).

DemonSlayer the Digger (DsEE)                       Turns: 2220, Time: 00:03:58

Health: 0/30       AC:  2    Str:  8    XL:     4   Next: 58%
Magic:  0/8        EV: 12    Int: 15    God:
Gold:   58         SH:  4    Dex: 16    Spells: 4/8 levels left

rFire   . . .        b - +0 dagger
rCold   . . .        (no shield)
rNeg    . . .        a - +0 robe
rPois   .            (helmet restricted)
rElec   .            (no cloak)
rCorr   .            (no gloves)
SInv    .            (no boots)
Will    .....        (no amulet)
Stlth   ++           (no ring)
HPRegen 0.25/turn    (no ring)
MPRegen 0.11/turn

%: no passive effects
@: hasted, very quick
A: antennae 1, condensation shield
a: no special abilities


You were on level 3 of the Dungeon.
You visited 1 branch of the dungeon, and saw 3 of its levels.

You collected 58 gold pieces.

Inventory:

Hand Weapons
 b - a +0 dagger (weapon)
Armour
 a - a +0 robe (worn)
Wands
 i - a wand of flame (10)
Scrolls
 c - a scroll of revelation {unknown}
 h - a scroll of fear {unknown}
 j - a scroll of brand weapon {unknown}
 k - a scroll of acquirement {unknown}
 l - a scroll of teleportation {unknown}
 m - 2 scrolls of identify {unknown}
Potions
 d - a potion of lignification {unknown}
 e - a potion of mutation {unknown}
 f - a potion of haste
 g - 2 potions of curing


   Skills:
 + Level 2.2 Dodging
 + Level 1.8 Stealth
 + Level 0.1 Shields
 + Level 0.7 Unarmed Combat
 + Level 2.9 Spellcasting
 + Level 1.2 Conjurations
 + Level 3.8 Earth Magic


You had 4 spell levels left.
You knew the following spells:

 Your Spells              Type           Power      Damage    Failure   Level
a - Sandblast             Erth           26%        2d8       4%          1
b - Stone Arrow           Conj/Erth      18%        3d8       22%         3

Your spell library contained the following spells:

 Spells                   Type           Power      Damage    Failure   Level
 Magic Dart               Conj           20%        1d4       12%         1
 Passwall                 Erth           13%        N/A       13%         3
 Blink                    Tloc           4%         N/A       30%         2
 Call Imp                 Summ           4%         N/A       30%         2
 Brom's Barrelling Bould  Conj/Erth      9%         2d3       56%         4
 Petrify                  Alch/Erth      7%         N/A       67%         4


Dungeon Overview and Level Annotations

Branches:
Dungeon (3/15)

Altars:

Shops:
D:1 (=!((

Annotations:
D:2 1 runed translucent door, Crazy Yiuf
D:3 Grinder


Innate Abilities, Weirdness & Mutations

You have a pair of small antennae on your head.
A meltable shield of frost defends you. (SH +4)


Message History

Aiming: Sandblast (safe; 4% risk of failure)
Press: ? - help, Shift-Dir - straight line, f/p - Grinder
Aim: Grinder (moderately wounded, 80% to hit)
The blast of sand hits Grinder.
Grinder is moderately wounded.
Grinder gestures at you.
You suddenly lose the ability to move!
You can move again.
It was a potion of haste.
You feel yourself speed up. Grinder hits you but does no damage.
It was a potion of curing.
You feel better. Grinder hits you but does no damage.
Casting: Sandblast (safe; 4% risk of failure)
Confirm with . or Enter, or press ? or * to list all spells.
Aiming: Sandblast (safe; 4% risk of failure)
Press: ? - help, Shift-Dir - straight line, f/p - Grinder
Aim: Grinder (moderately wounded, 80% to hit)
The blast of sand hits Grinder but does no damage.
Grinder is moderately wounded.
Grinder hits you.
You writhe in agony.
Unknown command.
You hit Grinder.
Grinder is moderately wounded.
You hit Grinder.
Grinder is moderately wounded.
Grinder says, "Are you a fish?" Grinder gestures at you.
Pain shoots through your body!
You barely miss Grinder.
Grinder is moderately wounded.
You hit Grinder.
Grinder is heavily wounded.
Grinder hits you.
You hit Grinder.
Grinder is heavily wounded.
Grinder hits you!
* * * LOW HITPOINT WARNING * * *
You writhe in agony.
You die...
Grinder says, "Hey, I wasn't done torturing you yet!"

########
##......#
##...###.#
###....#
#.#
#....@##
#.#
##..5..#
#.#
#.....##
#.#
#...###
#.# ##..##
#.##
##...#
#..#
#..)##
##.#
##..##
##.#####
#...#
#..[...#


You could see Grinder.

Vanquished Creatures
  Terence (D:3)
  3 adders (D:2)
  2 dart slugs
  A ribbon worm (D:2)
  An orc (D:3)
  5 bats
  4 endoplasms
  4 giant cockroaches
  4 goblins
  5 hobgoblins
  2 jackals (D:3)
  2 kobolds (D:2)
  4 ball pythons
  3 frilled lizards (D:1)
  5 rats
46 creatures vanquished.

Notes
Turn   | Place    | Note
-------+----------+-------------------------------------------
     0 | D:1      | DemonSlayer the Demonspawn Earth Elementalist began the
                  | quest for the Orb.
     0 | D:1      | Reached XP level 1. HP: 13/13 MP: 3/3
    65 | D:1      | Found Righo's Antique Weapon Shop.
   111 | D:1      | Found Viroocy's Distillery.
   278 | D:1      | Gained mutation: A meltable shield of frost defends you.
                  | (SH +4) [demonic ancestry]
   278 | D:1      | Reached XP level 2. HP: 19/19 MP: 3/5
   330 | D:1      | Reached skill level 3 in Earth Magic
   395 | D:1      | Found Oschoilics's Antique Weapon Boutique.
   548 | D:1      | Found Uprinem's Antique Weapon Shoppe.
   742 | D:1      | Found Fidoloose's Jewellery Shop.
  1003 | D:2      | Gained mutation: You have a pair of small antennae on your
                  | head. [demonic ancestry]
  1003 | D:2      | Reached XP level 3. HP: 24/24 MP: 0/6
  1007 | D:2      | Learned a level 3 spell: Stone Arrow
  1247 | D:2      | Found a faded altar of an unknown god.
  1338 | D:2      | Reached XP level 4. HP: 30/30 MP: 6/8
  1770 | D:2      | Found a runed translucent door.
  1771 | D:2      | Noticed Crazy Yiuf
  2120 | D:3      | Noticed Terence
  2144 | D:3      | Killed Terence
  2190 | D:3      | Noticed Grinder
  2211 | D:3      | Paralysed by Grinder for 2 turns
  2220 | D:3      | Slain by Grinder

Illustrated notes

Levels and vault maps discovered:
D:1:      psy_arrival_basics, layout_loops_ring, serial_shops, shop, shop, shop,
          shop, shop
D:2:      layout_loops_ring, shapermc_ecumenical_altar_totnotflames,
          minmay_tall_x, uniq_crazy_yiuf_cottage
D:3:      layout_basic, nicolae_tso_carved_into_rock, uniq_grinder, uniq_terence

Skill      XL: |  1  2 |
---------------+-------+-----
Dodging        | 2 |  2.2
Earth Magic    | 3 |  3.8
Stealth        | |  1.8
Shields        | |  0.1
Unarmed Combat | |  0.7
Spellcasting   | |  2.9
Conjurations   | |  1.2

Action                     |  1- 3 |  4- 6 || total
---------------------------+-------+-------++-------
  Melee: Unarmed           |     4 |       ||     4
         Dagger            |    13 |     8 ||    21
   Cast: Sandblast         |    46 |    21 ||    67
  Evoke: Wand              |       |     3 ||     3
    Use: Potion            |     1 |     2 ||     3
 Armour: Robe              |    14 |    14 ||    28
  Dodge: Dodged            |    20 |     7 ||    27
  Block: Other             |     7 |     1 ||     8
